 Dungeon Sprint DCSS version 0.20.1-1-g8b1a95d (console) character file.

5000000 hilaritas the Axe Maniac (level 27, -42/273 HPs)
             Began as a Minotaur Gladiator on Dec 3, 2017.
             Was the Champion of Makhleb.
             Annihilated by a large bag of meat
             ... wielding a +9 giant spiked club
              (90 damage)
             ... in the Dungeon (Sprint VIII: "Arena of Blood").
             The game lasted 00:03:14 (50 turns).

hilaritas the Axe Maniac (Minotaur Gladiator)         Turns: 50, Time: 00:03:14

Health: -42/273    AC:  6    Str: 27    XL:     27
Magic:  23/53      EV: 32    Int:  5    God:    Makhleb [******]
Gold:   0          SH:  0    Dex: 17    Spells: 80/80 levels left

rFire    . . .     SeeInvis .   l - +∞ Axe of Woe
rCold    . . .     Gourm    .   (shield currently unavailable)
rNeg     . . .     Faith    .   b - +0 leather armour
rPois    .         Spirit   .   c - +0 hat
rElec    .         Reflect  .   (no cloak)
rCorr    .         Harm     .   (no gloves)
MR       ++...     NoTele   +   (no boots)
Stlth    +++++++++.             (no amulet)
Regen    0.6/turn               (no ring)
MPRegen  0.4/turn               (no ring)

@: no status effects
A: retaliatory headbutt, horns 2
a: Minor Destruction, Lesser Servant of Makhleb, Major Destruction, Greater
Servant of Makhleb, Renounce Religion


You were in the Dungeon.
You worshipped Makhleb.
Makhleb was exalted by your worship.
You were not hungry.

You visited 1 branch

Inventory:

Hand Weapons
 a - a +0 war axe
 l - the +∞ Axe of Woe (weapon)
   (You found it in the Dungeon)
Missiles
 d - 3 throwing nets (quivered)
Armour
 b - a +0 leather armour (worn)
 c - a +0 hat (worn)
Jewellery
 m - an uncursed ring of protection from fire
Scrolls
 k - a scroll of blinking
Potions
 e - a potion of curing
 g - a potion of heal wounds
 h - a potion of haste
 i - 2 potions of magic
 j - a potion of berserk rage
Comestibles
 f - a bread ration


   Skills:
 O Level 27 Fighting
 O Level 27 Axes
 O Level 27 Throwing
 O Level 27 Armour
 O Level 27 Dodging
 O Level 27 Stealth
 O Level 27 Unarmed Combat
 O Level 27 Spellcasting
 O Level 27 Invocations


You had 80 spell levels left.
You didn't know any spells.

Dungeon Overview and Level Annotations

Branches:
Dungeon (1/1)

Altars:
Makhleb

Annotations:
D The Servant


Innate Abilities, Weirdness & Mutations

You reflexively headbutt those who attack you in melee.
You have a pair of horns on your head.


Message History

A destroyer comes into view.
It is wielding a +9 great sword of slicing.
m - an uncursed ring of protection from fire You hear a shout! x2
The bag of meat is engulfed in blazing flames.
The destroyer blinks!
You hear a shout!
The eight-headed meat hydra calls on the powers of darkness!
The eight-headed meat hydra convulses!
The large bag of meat convulses!
The Servant convulses!
The bag of meat convulses! x5
The meat berserker convulses!
The bag of meat convulses! x4
The large bag of meat convulses!
Your body is wracked with pain!
The bag of meat convulses! x3; The large bag of meat convulses! x2
The bag of meat convulses! x6
The bag of meat is engulfed in blazing flames.
The bag of meat hits you with a +9 war axe!
The destroyer shouts!
You hear a shout! x3
The large bag of meat hits you with a +9 giant spiked club!!!
* * * LOW HITPOINT WARNING * * *
The large bag of meat hits you with a +9 giant spiked club!!!!
You die...

#......# .. .
....§.#
..........##.....#
#................#
.........###.....#
............oooo.#
....o#.#....ooOO)#
....§.§....oooVO@#
.)))#§#)#))oooooO#
).))§§)))V)ooo@o.#
).)))#)#)#§§#O...#
#.........o#...D.#
§..........o#....#
...........#.....#
.................#
..#...#......##..#
.#....#..o..## ..#


You could see The Servant, an eight-headed meat hydra, 2 destroyers, 4 large
bags of meat, a meat berserker (berserk) and 20 bags of meat.

Vanquished Creatures
  9 vampire knights (D)
  19 ogres (D)
  2 two-headed ogres (D)
  A hydra (D)
  53 orcs (D)
84 creatures vanquished.

Notes
Turn   | Place    | Note
-------+----------+-------------------------------------------
     0 | D        | hilaritas the Minotaur Gladiator began the quest for the Orb.
     0 | D        | Reached XP level 1. HP: 18/18 MP: 0/0
     3 | D        | Noticed a bag of meat
     4 | D        | Noticed a bag of meat
     4 | D        | Became a worshipper of Makhleb the Destroyer
     5 | D        | Noticed a bag of meat
     6 | D        | Noticed a meat berserker
     7 | D        | Noticed a bag of meat
     7 | D        | Killed a bag of meat
     7 | D        | Reached skill level 27 in Axes
     7 | D        | Reached skill level 15 in Fighting
     7 | D        | Reached XP level 2. HP: 49/49 MP: 1/1
     7 | D        | Reached XP level 3. HP: 56/56 MP: 2/2
     7 | D        | Reached XP level 4. HP: 63/63 MP: 3/3
     7 | D        | Reached XP level 5. HP: 70/70 MP: 4/4
     7 | D        | Reached XP level 6. HP: 78/78 MP: 5/5
     7 | D        | Reached XP level 7. HP: 84/84 MP: 6/6
     7 | D        | Reached XP level 8. HP: 92/92 MP: 7/7
     7 | D        | Reached XP level 9. HP: 100/100 MP: 8/8
     7 | D        | Reached XP level 10. HP: 107/107 MP: 9/9
     7 | D        | Reached XP level 11. HP: 114/114 MP: 10/10
     8 | D        | Noticed a bag of meat
     8 | D        | Killed a meat berserker
     8 | D        | Reached * piety under Makhleb
     8 | D        | Reached skill level 27 in Fighting
     8 | D        | Reached skill level 10 in Dodging
     8 | D        | Reached XP level 12. HP: 151/151 MP: 11/11
     8 | D        | Reached XP level 13. HP: 159/159 MP: 12/12
     9 | D        | Noticed a meat berserker
    10 | D        | Noticed a bag of meat
    10 | D        | Noticed a bag of meat
    10 | D        | Killed a bag of meat
    10 | D        | Reached XP level 14. HP: 130/168 MP: 13/13
    11 | D        | Noticed a bag of meat
    12 | D        | Noticed a meat berserker
    12 | D        | Noticed a bag of meat
    12 | D        | Killed a bag of meat
    13 | D        | Noticed a bag of meat
    14 | D        | Noticed a meat berserker
    14 | D        | Killed a meat berserker
    14 | D        | Reached ** piety under Makhleb
    14 | D        | Reached skill level 27 in Dodging
    14 | D        | Reached XP level 15. HP: 136/174 MP: 14/14
    15 | D        | Noticed a destroyer
    15 | D        | Noticed a meat berserker
    16 | D        | Noticed a meat berserker
    16 | D        | Killed a meat berserker
    16 | D        | Reached XP level 16. HP: 143/183 MP: 15/15
    16 | D        | Reached skill level 27 in Armour
    16 | D        | Reached *** piety under Makhleb
    16 | D        | Reached XP level 17. HP: 191/191 MP: 15/30
    17 | D        | Noticed a meat berserker
    18 | D        | Noticed a meat berserker
    18 | D        | Killed a meat berserker
    19 | D        | Noticed a meat berserker
    19 | D        | Noticed a meat berserker
    20 | D        | Noticed a meat berserker
    20 | D        | Noticed a large bag of meat
    20 | D        | Killed a meat berserker
    20 | D        | Reached **** piety under Makhleb
    20 | D        | Reached skill level 27 in Invocations
    20 | D        | Reached XP level 18. HP: 200/200 MP: 15/34
    21 | D        | Noticed a large bag of meat
    21 | D        | Noticed a meat berserker
    21 | D        | Noticed a meat berserker
    21 | D        | Noticed a meat berserker
    21 | D        | Noticed a large bag of meat
    22 | D        | Killed a destroyer
    22 | D        | Reached skill level 27 in Throwing
    22 | D        | Reached XP level 19. HP: 207/207 MP: 16/35
    22 | D        | Killed a meat berserker
    22 | D        | Reached ***** piety under Makhleb
    22 | D        | Reached skill level 15 in Stealth
    23 | D        | Noticed a destroyer
    24 | D        | Noticed a meat berserker
    24 | D        | Noticed a meat berserker
    24 | D        | Killed a meat berserker
    24 | D        | Reached XP level 20. HP: 151/216 MP: 16/37
    24 | D        | Reached skill level 15 in Spellcasting
    24 | D        | Killed a meat berserker
    25 | D        | Noticed a meat berserker
    25 | D        | Noticed a destroyer
    25 | D        | Noticed a destroyer
    26 | D        | Noticed a meat berserker
    26 | D        | Killed a large bag of meat
    26 | D        | Reached skill level 27 in Unarmed Combat
    26 | D        | Reached XP level 21. HP: 109/224 MP: 17/43
    26 | D        | Reached skill level 27 in Stealth
    26 | D        | Reached ****** piety under Makhleb
    26 | D        | Reached skill level 27 in Spellcasting
    26 | D        | Reached XP level 22. HP: 233/233 MP: 17/52
    27 | D        | Noticed a destroyer
    29 | D        | Noticed a destroyer
    29 | D        | Noticed a large bag of meat
    29 | D        | Noticed a destroyer
    30 | D        | Noticed a destroyer
    30 | D        | Noticed a large bag of meat
    30 | D        | Reached XP level 23. HP: 240/240 MP: 18/53
    30 | D        | Killed a destroyer
    31 | D        | Reached XP level 24. HP: 249/249 MP: 18/53
    31 | D        | Killed a destroyer
    33 | D        | Noticed The Servant
    33 | D        | Reached XP level 25. HP: 216/257 MP: 18/53
    35 | D        | Killed a destroyer
    35 | D        | Killed a destroyer
    36 | D        | Reached XP level 26. HP: 266/266 MP: 19/53
    36 | D        | Killed a destroyer
    37 | D        | Noticed a large bag of meat
    40 | D        | Noticed a destroyer
    40 | D        | Killed a large bag of meat
    40 | D        | Reached XP level 27. HP: 273/273 MP: 20/53
    42 | D        | Killed a destroyer
    44 | D        | Noticed a destroyer
    44 | D        | Killed a destroyer
    46 | D        | Killed a destroyer
    50 | D        | Noticed a destroyer
    50 | D        | Annihilated by a large bag of meat

Skill      XL: |  1  2  3  4  5  6  7  8  9 10 11 12 13 14 15 16 17 18 19 20 21 |
---------------+----------------------------------------------------------------+-----
Axes           | 27 | 27.0
Fighting       | 15 27 | 27.0
Dodging        | 10 18 27 | 27.0
Armour         | 4 14 25 27 | 27.0
Invocations    | 20 27 | 27.0
Throwing       | 18 27 | 27.0
Stealth        | 8 18 24 27 | 27.0
Unarmed Combat | 9 20 27 | 27.0
Spellcasting   | 6 14 19 27 | 27.0

Action                   |  1- 3 |  4- 6 |  7- 9 | 10-12 | 13-15 | 16-18 | 19-21 | 22-24 | 25-27 || total
-------------------------+-------+-------+-------+-------+-------+-------+-------+-------+-------++-------
Melee: Executioner's axe |     1 |       |       |     1 |     4 |     3 |     2 |     4 |     9 ||    24
Dodge: Dodged            |       |       |       |       |       |     1 |     4 |     2 |     4 ||    11
